 Dungeon Crawl Stone Soup version 0.30.1-6-gbe392663c4 (webtiles) character file.

Game seed: 9823597683512023560

135 Kurtz the Chopper (level 5, -2/33 HPs)
             Began as a Tengu Fighter on Sept 20, 2023.
             Killed from afar by Sigmund (9 damage)
             ... with a puff of flame
             ... on level 3 of the Dungeon.
             The game lasted 00:01:29 (2562 turns).

Kurtz the Chopper (Tengu Fighter)                   Turns: 2562, Time: 00:01:29

Health: -2/33      AC:  6    Str: 19    XL:     5   Next: 18%
Magic:  6/6        EV: 10    Int:  8    God:
Gold:   102        SH:  4    Dex: 13    Spells: 4/4 levels left

rFire   . . .        a - +0 war axe
rCold   . . .        c - +0 buckler
rNeg    . . .        b - +0 scale mail
rPois   .            (helmet restricted)
rElec   .            (no cloak)
rCorr   .            (no gloves)
SInv    .            (boots unavailable)
Will    .....        (no amulet) Stlth
                     (no ring)
HPRegen 0.25/turn    (no ring)
MPRegen 0.10/turn

%: no passive effects
@: mighty, flying quickly and evasively, quick
A: beak, talons 3, nimble flight
a: no special abilities


You were on level 3 of the Dungeon.
You visited 1 branch of the dungeon, and saw 4 of its levels.

You collected 102 gold pieces.

Inventory:

Hand Weapons
 a - a +0 war axe (weapon)
Missiles
 h - 4 poisoned darts (quivered)
Armour
 b - a +0 scale mail (worn)
 c - a +0 buckler (worn)
Scrolls
 e - 6 scrolls of identify {unknown}
 g - 2 scrolls of fear {unknown}
 i - a scroll of enchant armour {unknown}
 j - a scroll of noise {unknown}
 n - a scroll of amnesia {unknown}
 o - a scroll of brand weapon {unknown}
Potions
 f - 2 potions of heal wounds {unknown}
 k - a potion of flight
 l - a potion of lignification {unknown}
 m - a potion of brilliance {unknown}


   Skills:
 * Level 4.1 Fighting
 * Level 4.7 Axes
 - Level 3.2 Armour
 - Level 3.0 Shields


You had 4 spell levels left.
You didn't know any spells.
Your spell library was empty.

Dungeon Overview and Level Annotations

Branches:
Dungeon (4/15)
 Temple: D:4-7

Altars:

Annotations:
D:3 Sigmund


Innate Abilities, Weirdness & Mutations

You have a beak for a mouth.
You have claws for feet.
Your magical nature lets you fly swiftly and evasively.


Message History

No target in view!
Sigmund the Dreaded comes into view.
He is wielding a +0 scythe and wearing a +2 robe of the Archmagi.
Sigmund shouts!
Sigmund is nearby!
Sigmund is nearby!
You barely miss Sigmund. Sigmund hits you but does no damage.
Sigmund is nearby!
You closely miss Sigmund. Sigmund hits you with a +0 scythe.
Sorry, you're not good enough to have a special ability.
Sorry, you're not good enough to have a special ability.
Unknown command.
You feel very mighty all of a sudden.
Sigmund gestures wildly while chanting.
Sigmund flickers and vanishes!
Deactivating autopickup; reactivate with Ctrl-A.
You miss something. Your peck misses something.
You hear some strange, mumbled words.
A puff of flame appears from out of thin air!
The puff of flame misses you.
You barely miss something. Your kick misses something.
You hear some strange, mumbled words.
You are confused.
Something hits you.
You bump into the rock wall.
You bump into the rock wall.
Something hits you!
You bump into the rock wall.
Something hits you but does no damage.
You bump into the rock wall.
Something hits you but does no damage. Something hits you!
* * * LOW HITPOINT WARNING * * *
It was a potion of flight.
You feel more buoyant.
You feel less confused. You block something's attack.
You closely miss something. You block something's attack.
You hit something. You claw something! Something hits you.
* * * LOW HITPOINT WARNING * * *
You miss something. You peck something!
You hear some strange, mumbled words.
A puff of flame appears from out of thin air!
The puff of flame hits you!
You die...

...# ..............# ##.#
#.#####..#####.# #.#
#.##........)#.# ##.#######..
#.##..#.###.##.# ............
#.##..#.###.##.# ##...######
#.##..#......#.# +......#
#.#...########.#
####...#########{#...#........#
##..........#@#.###.########
######....##.#.#.# #.#
#.....###..#.#.#.###.#
###.###.# #...).#...#.#
....)...# ###.....#.#.#
###.##########..>..#.#.#
#..........#.....#.#.#
#.########.#.....#.#.# #.#
#.#.....#.#.#


There were no monsters in sight!

Vanquished Creatures
  Robin (D:1)
  3 adders
  An ufetubus (D:4)
  2 worms (D:2)
  A dart slug (D:2)
  An orc (D:3)
  3 ball pythons
  4 endoplasms
  2 giant cockroaches
  16 goblins
  6 hobgoblins
  11 jackals
  7 kobolds
  4 quokkas
  4 bats
  4 frilled lizards
  3 rats
73 creatures vanquished.

Notes
Turn   | Place    | Note
-------+----------+-------------------------------------------
     0 | D:1      | Kurtz the Tengu Fighter began the quest for the Orb.
     0 | D:1      | Reached XP level 1. HP: 14/14 MP: 2/2
   153 | D:1      | Reached XP level 2. HP: 15/19 MP: 3/3
   948 | D:1      | Reached XP level 3. HP: 23/24 MP: 4/4
  1304 | D:2      | Noticed Robin
  1338 | D:1      | Killed Robin
  1339 | D:1      | Reached XP level 4. HP: 9/29 MP: 5/5
  1487 | D:2      | You fall into a shaft and drop 2 floors!
  2069 | D:2      | Gained mutation: Your magical nature lets you fly swiftly
                  | and evasively. [Tengu growth]
  2069 | D:2      | Reached XP level 5. HP: 33/33 MP: 6/6
  2542 | D:3      | Noticed Sigmund
  2562 | D:3      | Killed from afar by Sigmund

Illustrated notes

Levels and vault maps discovered:
D:1:      roderic_octagonal_star, layout_basic
D:2:      layout_loops_ring, solitary_fountain, uniq_robin
D:3:      layout_basic, amethyst_overflow_temple_binary, uniq_sigmund,
          uniq_crazy_yiuf_cottage
D:4:      layout_cave_pods, serial_shops, nicolae_lakefront_shop,
          dk_rats_in_the_wall, uniq_ijyb

Skill      XL: |  1  2  3  4 |
---------------+-------------+-----
Axes           | 3 4 |  4.7
Fighting       | 4 |  4.1
Armour         | |  3.2
Shields        | |  3.0

Action                     |  1- 3 |  4- 6 || total
---------------------------+-------+-------++-------
  Melee: War axe           |    73 |    78 ||   151
         Kick              |    15 |    12 ||    27
         Peck              |    14 |    10 ||    24
    Use: Potion            |       |     2 ||     2
 Armour: Scale mail        |    40 |    38 ||    78
  Dodge: Dodged            |    36 |    26 ||    62
  Block: Buckler           |    18 |    16 ||    34
